 Dungeon Crawl Stone Soup version 0.32-a0-314-g526f7d4993 (webtiles) character file.

Game seed: 1847252079583627681

2963 Drazool the Cleaver (level 9, -1/79 HPs)
             Began as a Mountain Dwarf Fighter on Feb 15, 2024.
             Was a Follower of Okawaru.
             Slain by a fire elemental (6 damage)
             ... created by the fiery vengeance of Ignis
             ... on level 9 of the Dungeon.
             The game lasted 00:22:36 (6827 turns).

Drazool the Cleaver (Mountain Dwarf Fighter)        Turns: 6827, Time: 00:22:37

Health: -1/79      AC:  9    Str: 17 (18) XL:     9   Next: 52%
Magic:  25/27      EV:  9    Int: 12 (14) God:    Okawaru [*.....]
Gold:   352        SH:  4    Dex:  8 (9)  Spells: 14/20 levels left

rFire   . . .        a - +0 war axe (freeze)
rCold   . . .        c - +0 buckler
rNeg    . . .        b - +0 scale mail
rPois   .            (no helmet)
rElec   .            q - scarf {repulsion}
rCorr   .            h - +0 pair of gloves
SInv    .            (no boots)
Will    +....        (no amulet) Stlth
                     M - ring of magical power
HPRegen 0.33/turn    W - ring of willpower
MPRegen 0.20/turn

%: repel missiles
@: about to teleport, freezing walls, fire susceptible
A: runic magic, artefact enchanting
a: Renounce Religion, Heroism


You were on level 9 of the Dungeon.
You worshipped Okawaru.
Okawaru was aware of your devotion.
You visited 2 branches of the dungeon, and saw 9 of its levels.
You also visited: Sewer.

You collected 352 gold pieces.


Innate Abilities, Weirdness & Mutations

Your spellcasting is much less encumbered by armour.
You can use scrolls of enchantment on lesser artefacts.


   Skills:
 - Level 7.0 Fighting
 - Level 10.7 Axes
 - Level 7.0 Armour
 - Level 4.0 Shields
 - Level 6.0 Spellcasting
 - Level 5.0 Summonings
 + Level 5.8 Ice Magic


You had 14 spell levels left.
You knew the following spells:

 Your Spells              Type           Power      Damage    Failure   Level
c - Call Imp              Summ           30%        N/A       6%          2
e - Freeze                Ice            68%        1d8       2%          1
f - Frozen Ramparts       Ice            34%        1d6       9%          3

Your spell library contained the following spells:

 Spells                   Type           Power      Damage    Failure   Level
 Hailstorm                Conj/Ice       10%        3d6       26%         3
 Lesser Beckoning         Tloc           6%         N/A       41%         2
 Sublimation of Blood     Necr           3%         N/A       41%         2
 Gell's Gravitas          Tloc           3%         N/A       65%         3
 Teleport Other           Tloc           3%         N/A       65%         3
 Brom's Barrelling Bould  Conj/Erth      3%         2d3       96%         4
 Fireball                 Conj/Fire      1%         3d3       100%        5
 Iskenderun's Battlesphe  Conj           3%         2d6       100%        5
 Conjure Ball Lightning   Conj/Air       1%         3x3d6     100%        6
 Orb of Destruction       Conj           1%         9d5       100%        7
 Summon Hydra             Summ           Unusable   N/A       N/A         7

Inventory:

Hand Weapons
 a - a +0 war axe of freezing (weapon)
Missiles
 t - 5 javelins
 w - 3 curare-tipped darts {=f}
Armour
 b - a +0 scale mail (worn)
 c - a +0 buckler (worn)
 h - a +0 pair of gloves (worn)
 q - a scarf of repulsion (worn)
 u - a +0 pair of boots
Magical Staves
 n - a staff of cold {!a}
Jewellery
 M - a ring of magical power (left hand)
 W - a ring of willpower (right hand)
Scrolls
 f - a scroll of enchant armour
 l - a scroll of fear
 y - a scroll of amnesia {unknown}
 z - a scroll of revelation {unknown}
Potions
 d - 3 potions of might
 e - 6 potions of haste {@q3}
 g - 3 potions of mutation
 j - a potion of lignification {unknown}
 k - 2 potions of degeneration
 m - a potion of invisibility {unknown}
 p - a potion of brilliance {unknown}
 r - a potion of enlightenment {unknown}
 s - a potion of cancellation {unknown}
 v - 3 potions of curing {unknown}
 x - a potion of berserk rage {!q}

Dungeon Overview and Level Annotations

Branches:
Dungeon (7/15)             Temple (1/1) D:6           Sewer (visited)

Altars:
Cheibriados
Dithmenos
Fedhas
Gozag
Hepliaklqana
Kikubaaqudgha
Makhleb
Nemelex Xobeh
Okawaru
Qazlal
Ru
Sif Muna
Vehumet
Wu Jian
Xom
Yredelemnul
Zin
The Shining One
Ignis

Shops:
D:3

(
..#
#.#
#.#
#.#
#.#
#E#
#E#
#@#
#E#
#.#
#?.
###


You could see 3 fire elementals.


Message History

You slash the fire elemental! You freeze the fire elemental.
The fire elemental is severely damaged.
You closely miss the fire elemental.
The fire elemental is frozen!
The wall freezes the fire elemental.
The fire elemental barely misses you.
The wall freezes the fire elemental but does no damage.
The fire elemental barely misses you.
The fire elemental is frozen!
The wall freezes the fire elemental!
You barely miss the fire elemental.
The fire elemental is severely damaged.
You closely miss the fire elemental.
The wall freezes the fire elemental but does no damage.
The fire elemental hits you. The fire elemental burns you!
* * * LOW HITPOINT WARNING * * *
The wall freezes the fire elemental but does no damage.
The fire elemental is frozen!
The wall freezes the fire elemental.
The fire elemental hits you. The fire elemental burns you!
* * * LOW HITPOINT WARNING * * *
The wall freezes the fire elemental.
The fire elemental hits you. The fire elemental burns you!
* * * LOW HITPOINT WARNING * * *
The wall freezes the fire elemental but does no damage.
The wall freezes the fire elemental.
The fire elemental closely misses you.
Unknown command.
As you read the scroll of teleportation {@r2}, it crumbles to dust.
You feel strangely unstable.
The wall freezes the fire elemental.
The fire elemental hits you. The fire elemental burns you!
* * * LOW HITPOINT WARNING * * *
The wall freezes the fire elemental but does no damage. x2
The fire elemental hits you. The fire elemental burns you!
You die...

Skill      XL: |  1  2  3  4  5  6  7  8  9 |
---------------+----------------------------+-----
Axes           | 3 4 10 | 10.7
Spellcasting   | 6 |  6.0
Fighting       | 6 7 |  7.0
Armour         | 6 7 |  7.0
Summonings     | 5 |  5.0
Shields        | 4 |  4.0
Ice Magic      | 3 5 |  5.8

Action                     |  1- 3 |  4- 6 |  7- 9 || total
---------------------------+-------+-------+-------++-------
  Melee: War axe           |    87 |   106 |   188 ||   381
  Throw: Javelin           |       |       |     2 ||     2
   Cast: Call Imp          |       |    32 |    30 ||    62
         Frozen Ramparts   |       |       |     9 ||     9
 Invoke: Foxfire Swarm     |       |       |     1 ||     1
         Fiery Armour      |       |       |     1 ||     1
    Use: Scroll            |     3 |     1 |     6 ||    10
         Potion            |     1 |     1 |     3 ||     5
   Stab: Distracted        |       |     2 |     1 ||     3
 Armour: Scale mail        |    55 |    45 |   133 ||   233
  Dodge: Dodged            |    44 |    41 |    76 ||   161
         Repelled          |       |       |     2 ||     2
  Block: Buckler           |    16 |    19 |    42 ||    77

Levels and vault maps discovered:
D:1:      ldierk_walled_garden_2, layout_basic, ebering_ecumenical_altar_mist
D:2:      layout_loops_corners, basic_altar
D:3:      layout_loops_ring, lemuel_coloured_pillars_altar,
          nicolae_overflow_crystal_walls, serial_shops, shop,
          wander_ebering_terrifying_dragon_lair
D:4:      layout_basic, serial_park_tiny_pond
D:5:      wander_river, layout_loops_corners, portal_sewer_entry_a,
          minmay_fractal_squares_gapless_5
D:6:      layout_basic, tgw_sif, nicolae_overflow_hidden_temple,
          grunt_gozag_breadcrumbs, temple_doors_ab, dk_noncrumbling_3,
          chequers_avenue
D:7:      layout_basic, nicolae_qazlal_eye_of_the_storm,
          nicolae_tso_carved_into_rock, serial_shops,
          nicolae_shop_gibbet_a_chance, minivault_1
D:9:      argonaut_augean_stables, layout_basic,
          mainiacjoe_overflow_small_starburst, kennysheep_little_box,
          chequers_hall_statues_corner_a, small_statue_intersection,
          hangedman_abyss_or_decor_slice, nicolae_shop_firing_range
Temple:   chequers_temple_sunken

Notes
Turn   | Place    | Note
-------+----------+-------------------------------------------
     0 | D:1      | Drazool the Mountain Dwarf Fighter began the quest for the
                  | Orb.
     0 | D:1      | Reached XP level 1. HP: 19/19 MP: 1/1
    27 | D:1      | Reached skill level 3 in Axes
    46 | D:1      | Reached XP level 2. HP: 26/26 MP: 2/2
    72 | D:1      | Found a faded altar of an unknown god.
    88 | D:1      | Reached skill level 4 in Axes
    89 | D:1      | Prayed at the altar of an unknown god.
    89 | D:1      | Became a worshipper of Ignis, the Dying Flame
   136 | D:1      | Reached XP level 3. HP: 31/31 MP: 3/3
   589 | D:1      | Reached skill level 5 in Axes
   981 | D:2      | Identified 2 potions of experience
   982 | D:2      | Reached skill level 10 in Axes
   982 | D:2      | Reached skill level 6 in Spellcasting
   982 | D:2      | Reached XP level 4. HP: 38/38 MP: 3/12
   986 | D:2      | Learned a level 2 spell: Call Imp
   986 | D:2      | Reached skill level 6 in Fighting
   986 | D:2      | Reached skill level 6 in Armour
   986 | D:2      | Reached skill level 5 in Summonings
   986 | D:2      | Reached XP level 5. HP: 51/51 MP: 3/13
  1177 | D:2      | Found a shimmering altar of Xom.
  1208 | D:2      | Reached XP level 6. HP: 58/58 MP: 15/15
  2149 | D:3      | Found a blossoming altar of Fedhas.
  2357 | D:3      | Found Siaskeir's Weapon Shoppe.
  2569 | D:3      | Found a hazy altar of Hepliaklqana.
  3046 | D:4      | Reached XP level 7. HP: 60/64 MP: 16/16
  3477 | D:4      | Reached skill level 7 in Fighting
  3521 | D:5      | Entered Level 5 of the Dungeon
  3655 | D:5      | Reached skill level 7 in Armour
  3756 | D:5      | Reached skill level 4 in Shields
  3849 | D:5      | Found a glowing drain.
  3860 | Sewer    | Entered a sewer
  3892 | Sewer    | Reached XP level 8. HP: 54/73 MP: 9/17
  4019 | Sewer    | Learned a level 3 spell: Frozen Ramparts
  4331 | D:5      | Reached skill level 1 in Ice Magic
  4948 | D:6      | Reached skill level 2 in Ice Magic
  5136 | D:6      | Found a staircase to the Ecumenical Temple.
  5151 | Temple   | Entered the Ecumenical Temple
  5222 | D:6      | Reached skill level 3 in Ice Magic
  5229 | D:6      | Reached XP level 9. HP: 45/79 MP: 18/18
  5373 | D:6      | Reached skill level 4 in Ice Magic
  5404 | D:6      | Found an opulent altar of Gozag.
  5711 | D:6      | Found a shimmering blue altar of Sif Muna.
  5789 | D:6      | Found a snail-covered altar of Cheibriados.
  6148 | Temple   | Fell from the grace of Ignis
  6148 | Temple   | Became a worshipper of Warmaster Okawaru
  6440 | D:7      | Found a stormy altar of Qazlal.
  6499 | D:6      | Learned a level 1 spell: Freeze
  6549 | D:7      | Reached skill level 5 in Ice Magic
  6557 | D:7      | Reached * piety under Okawaru
  6623 | D:7      | HP: 3/79 [fire elemental[the fiery vengeance of Ignis] (8)]
  6629 | D:7      | HP: 3/79 [fire elemental[the fiery vengeance of Ignis]
                  | (14)]
  6739 | D:7      | Found a glowing golden altar of the Shining One.
  6755 | D:7      | You fall into a shaft and drop 2 floors!
  6827 | D:9      | HP: 5/79 [fire elemental[the fiery vengeance of Ignis] (9)]
  6827 | D:9      | Slain by a fire elemental

Vanquished Creatures
  2 fire elementals (D:7)
  9 yaks
  A water moccasin (D:5)
  An orc warrior (D:6)
  2 kobold brigands
  A brain worm (Sewer)
  A scorpion (D:5)
  3 bombardier beetles
  2 hounds
  3 jellies
  A sleepcap (D:5)
  2 iguanas (D:5)
  3 orc wizards
  4 gnolls (D:5)
  11 adders
  3 dart slugs
  A ribbon worm (D:3)
  10 orcs
  9 ball pythons
  13 bats
  10 endoplasms
  2 giant cockroaches
  11 goblins
  5 hobgoblins
  9 jackals
  10 kobolds
  6 quokkas
  2 frilled lizards
  6 rats
143 creatures vanquished.

Vanquished Creatures (collateral kills)
  A crocodile (Sewer)
  An ogre (D:5)
  A jelly (D:5)
  A sleepcap (D:5)
  An orc (D:4)
  A ball python (D:2)
  4 bats
  An endoplasm (D:3)
  A giant cockroach (D:3)
  A goblin (D:2)
  A jackal (D:2)
  2 kobolds (D:6)
  A frilled lizard (D:3)
17 creatures vanquished.

Vanquished Creatures (others)
  13 foxfires (D:6)
13 creatures vanquished.

Grand Total: 173 creatures vanquished

Table legend: (Time is in decaauts)
 A = Elapsed time spent in this place.
 B = Non-inter-level travel time spent in this place.
 C = Inter-level travel time spent in this place.
 D = Time resting spent in this place.
 E = Time spent auto-exploring this place.
 F = Levels seen in this place.
 G = Mean time per level.
                   A        B        C        D        E       F      G
               +--------+--------+--------+--------+--------+-----+--------+
         Total |   6893 |   6600 |    293 |    274 |   4753 |  10 |  689.3 |
       Dungeon |   6646 |   6365 |    281 |    274 |   4649 |   8 |  830.8 |
        Temple |     68 |     57 |     11 |      0 |      0 |   1 |   68.0 |
         Sewer |    177 |    177 |      0 |      0 |    104 |   1 |  177.0 |
               +--------+--------+--------+--------+--------+-----+--------+

Top non-repeatable levels by time:
     D:6: 1499 daAuts
     D:5: 1184 daAuts
     D:2: 1079 daAuts
     D:1: 1005 daAuts
     D:3: 883 daAuts
     D:4: 582 daAuts
     D:7: 339 daAuts
   Sewer: 177 daAuts
     D:9: 71 daAuts
  Temple: 68 daAuts

Table legend:
 A = Non-vault XP
 B = Vault XP
 C = Vault XP percentage of total XP
 D = Non-vault monster count
 E = Vault monster count
 F = Vault count percentage of total count
                 A         B        C        D         E       F
            +---------+---------+-------+---------+---------+-------
      Total |    3655 |     314 |   7.9 |     140 |      18 |  11.4
            +---------+---------+-------+---------+---------+-------
        D:1 |      90 |       0 |   0.0 |      32 |       0 |   0.0
        D:2 |     113 |       0 |   0.0 |      21 |       0 |   0.0
        D:3 |     193 |       2 |   1.0 |      27 |       1 |   3.6
        D:4 |     251 |       0 |   0.0 |      15 |       0 |   0.0
        D:5 |     702 |      75 |   9.7 |      18 |       6 |  25.0
        D:6 |    1278 |       0 |   0.0 |      22 |       0 |   0.0
        D:7 |    1028 |       0 |   0.0 |       5 |       0 |   0.0
      Sewer |       0 |     237 | 100.0 |       0 |      11 | 100.0
            +---------+---------+-------+---------+---------+-------
